 Dungeon Crawl Stone Soup version 0.31-a0-237-g2d982f9f85 (webtiles) character file.

Game seed: 13913317868920153939

151 LeprechaunX the Insei (level 5, 0/34 HPs)
             Began as an Octopode Transmuter on July 11, 2023.
             Was an Initiate of Cheibriados.
             Killed by nerve-wracking pain
             ... invoked by an orc priest
              (14 damage)
             ... on level 4 of the Dungeon.
             The game lasted 00:06:15 (2593 turns).

LeprechaunX the Insei (Octopode Transmuter)         Turns: 2593, Time: 00:06:15

Health: 0/34       AC:  1    Str: 12    XL:     5   Next: 33%
Magic:  6/8        EV: 18    Int: 17    God:    Cheibriados [......]
Gold:   99         SH:  0    Dex: 13    Spells: 1/8 levels left

rFire   x .          .
                       - Unarmed
rCold   + + .        (no shield)
rNeg    . . .        (helmet currently unavailable)
rPois   .            (no amulet)
rElec   .            b - ring of protection from cold
rCorr   +            i - ring of resist corrosion
SInv    .            k - +5 ring of evasion
Will    .....        q - ring of ice
Stlth   ++           (no ring)
HPRegen 0.25/turn    (no ring)
MPRegen 0.11/turn    (no ring)
                     (no ring)

%: no passive effects
@: appendages, wereblooded, very slow
A: tentacle spike 3, almost no armour, amphibious, 8 rings, camouflage 1,
gelatinous body 1, (nimble swimmer 1), tentacles
a: End Transformation, Renounce Religion


You were on level 4 of the Dungeon.
You worshipped Cheibriados.
Cheibriados was noncommittal.
One of your tentacles had grown a beastly spike.
You visited 1 branch of the dungeon, and saw 4 of its levels.

You collected 99 gold pieces.

Inventory:

Missiles
 r - 3 javelins (quivered)
Jewellery
 b - a ring of protection from cold (left tentacle)
 i - a ring of resist corrosion (right tentacle)
 k - a +5 ring of evasion (on tentacle)
 q - a ring of ice (on tentacle)
Wands
 h - a wand of flame (29)
 p - a wand of polymorph (10)
Scrolls
 e - a scroll of noise {unknown}
 f - 4 scrolls of identify {unknown}
 g - a scroll of vulnerability {unknown}
 j - 2 scrolls of enchant armour {unknown}
 m - a scroll of teleportation {unknown}
 n - 3 scrolls of blinking {unknown}
 o - 2 scrolls of enchant weapon {unknown}
Potions
 a - a potion of lignification
 c - 2 potions of cancellation {unknown}
 d - a potion of curing {unknown}
 l - a potion of mutation {unknown}
 s - a potion of enlightenment {unknown}
 t - a potion of brilliance {unknown}


   Skills:
 + Level 2.0 Fighting
 + Level 2.7 Dodging
 * Level 4.0 Unarmed Combat
 + Level 2.4 Spellcasting
 * Level 3.2 Transmutations
 + Level 0.1 Ice Magic
 + Level 0.1 Invocations
 + Level 0.1 Evocations


You had one spell level left.
You knew the following spells:

 Your Spells              Type           Power      Damage    Failure   Level
a - Beastly Appendage     Tmut           26%        N/A       4%          1
b - Wereblood             Tmut           13%        N/A       8%          2
c - Ice Form              Ice/Tmut       11%        N/A       67%         4

Your spell library contained the following spells:

 Spells                   Type           Power      Damage    Failure   Level
 Spider Form              Tmut/Pois      7%         N/A       28%         3
 Summon Guardian Golem    Hex/Summ       2%         N/A       50%         3
 Orb of Destruction       Conj           1%         9d5       100%        7
 Spellforged Servitor     Conj/Summ      1%         N/A       100%        7


Dungeon Overview and Level Annotations

Branches:
Dungeon (4/15)             Temple (0/1) D:4

Altars:
Cheibriados
Elyvilon


Innate Abilities, Weirdness & Mutations

One of your tentacles has grown a beastly spike.
You cannot wear most types of armour.
You are amphibious.
You can wear up to eight rings at the same time.
Your skin changes colour to match your surroundings (Stealth+).
Your rubbery body absorbs attacks. (AC +1, EV +1)
((You are camouflaged when in or above water. (Stealth+)))
You have tentacles for arms and can constrict up to eight enemies at once.


Message History

Casting: Wereblood (safe; 8% risk of failure)
Confirm with . or Enter, or press ? or * to list all spells.
The spell is astonishingly dangerous to miscast (67% risk of failure)!
Continue anyway?
Okay, then.
You closely miss the orc. You grab the orc. You constrict the orc.
An orc comes into view. It is wielding a +0 morningstar.
The orc misses you.
You completely miss the orc.
You pierce the orc.
You feel a bit better.
You kill the orc!
Cheibriados appreciates the change of pace.
You tentacle-slap the orc wizard. You grab the orc wizard.
The orc wizard is heavily wounded.
You constrict the orc wizard.
The orc wizard hits you with a +0 dagger.
You tentacle-slap the orc wizard.
You pierce the orc wizard.
You feel a bit better.
You kill the orc wizard!
Cheibriados appreciates the change of pace.
You howl as the wereblood boils in your veins!
Your Fighting skill increases to level 2!
Your Unarmed Combat skill increases to level 4!
You bludgeon the orc priest! You grab the orc priest.
The orc priest is heavily wounded.
You howl as the wereblood boils in your veins!
You constrict the orc priest, but do no damage.
The orc priest misses you.
You barely miss the orc priest.
The orc priest is heavily wounded.
You constrict the orc priest.
The orc priest hits you with a +0 flail!
You barely miss the orc priest.
The orc priest is heavily wounded.
You howl as the wereblood boils in your veins!
You constrict the orc priest. The orc priest misses you.
You barely miss the orc priest.
The orc priest is severely wounded.
You constrict the orc priest.
The orc priest calls down the wrath of Beogh upon you.
Pain shoots through your body!
You die...

....#.#...#######
#..#.#.#..#.....#
..#.#.#.#.#.....#
...#.>.#........#
..#.#.#†#.......#####.#.
...#.#.#................
....#.#...######.####.#.
..........# #.####.#
....^....## #@#o..
###†####### #o#.##.#
###........ #o.....#
<......###. #.......#
.##..#..# #.#####.#
.....<.#.# #. # .###..##
.. .. ..)....# . ##$
..##†##.# #.


You could see an orc priest and an orc.

Vanquished Creatures
  An orc wizard (D:4)
  4 adders (D:2)
  A gnoll (D:4)
  2 worms
  3 dart slugs (D:1)
  2 orcs
  4 bats
  6 endoplasms
  2 giant cockroaches (D:1)
  6 goblins
  8 hobgoblins
  3 jackals (D:1)
  4 quokkas
  7 ball pythons
  2 frilled lizards
  3 kobolds
  5 rats
63 creatures vanquished.

Notes
Turn   | Place    | Note
-------+----------+-------------------------------------------
     0 | D:1      | LeprechaunX the Octopode Transmuter began the quest for the
                  | Orb.
     0 | D:1      | Reached XP level 1. HP: 13/13 MP: 3/3
   140 | D:1      | Reached XP level 2. HP: 18/18 MP: 5/5
   303 | D:1      | Reached XP level 3. HP: 20/23 MP: 4/6
   819 | D:1      | Learned a level 2 spell: Wereblood
  1063 | D:2      | Reached XP level 4. HP: 28/28 MP: 5/7
  2053 | D:3      | Found a white marble altar of Elyvilon.
  2053 | D:3      | Found a snail-covered altar of Cheibriados.
  2468 | D:3      | Became a worshipper of Cheibriados the Contemplative
  2505 | D:4      | Reached XP level 5. HP: 34/34 MP: 6/8
  2521 | D:4      | Found a staircase to the Ecumenical Temple.
  2564 | D:4      | Learned a level 4 spell: Ice Form
  2590 | D:4      | Reached skill level 4 in Unarmed Combat
  2593 | D:4      | Killed from afar by an orc priest

Illustrated notes

Levels and vault maps discovered:
D:1:      psy_arrival_heroes, layout_loops_ring
D:2:      minmay_diamond_boxcup, layout_basic
D:3:      layout_rooms, gammafunk_temple_overflow_wave
D:4:      layout_loops_cross, minmay_temple_entry_grid

Skill      XL: |  1  2  3  4  5 |
---------------+----------------+-----
Transmutations | 3 |  3.2
Fighting       | 2 |  2.0
Unarmed Combat | 4 |  4.0
Dodging        | |  2.7
Spellcasting   | |  2.4
Ice Magic      | |  0.1
Invocations    | |  0.1
Evocations     | |  0.1

Action                     |  1- 3 |  4- 6 || total
---------------------------+-------+-------++-------
  Melee: Unarmed           |    62 |    78 ||   140
         Tentacles         |    15 |    12 ||    27
         Constrict         |    16 |    22 ||    38
         Punch             |     4 |     2 ||     6
         Kick              |     2 |     6 ||     8
   Cast: Beastly Appendage |     7 |     8 ||    15
         Wereblood         |       |     1 ||     1
   Stab: Sleeping          |     9 |     3 ||    12
         Distracted        |     1 |       ||     1
 Armour: Skin              |     5 |     4 ||     9
  Dodge: Dodged            |    28 |    52 ||    80

Table legend: (Time is in decaauts)
 A = Elapsed time spent in this place.
 B = Non-inter-level travel time spent in this place.
 C = Inter-level travel time spent in this place.
 D = Time resting spent in this place.
 E = Time spent auto-exploring this place.
 F = Levels seen in this place.
 G = Mean time per level.
                   A        B        C        D        E       F      G
               +--------+--------+--------+--------+--------+-----+--------+
         Total |   2597 |   2506 |     91 |     38 |   2014 |   4 |  649.2 |
       Dungeon |   2597 |   2506 |     91 |     38 |   2014 |   4 |  649.2 |
               +--------+--------+--------+--------+--------+-----+--------+

Top non-repeatable levels by time:
     D:2: 1025 daAuts
     D:1: 868 daAuts
     D:3: 587 daAuts
     D:4: 116 daAuts
